 Dungeon Crawl Stone Soup version 0.21.1-1-g345015fe64 (webtiles) character file.

321 Lothor the Firebug (level 6, 0/45 HPs)
             Began as a Demigod Fire Elementalist on Apr 1, 2018.
             Slain by Vandergrift's ghost (12 damage)
             ... on level 5 of the Dungeon.
             The game lasted 00:13:31 (4532 turns).

Lothor the Firebug (Demigod Fire Elementalist)      Turns: 4532, Time: 00:13:32

Health: 0/45       AC:  3    Str: 11    XL:     6   Next: 1%
Magic:  8/14       EV: 12    Int: 23    God:
Gold:   301        SH:  6    Dex: 16    Spells: 8/11 levels left

rFire    . . .     SeeInvis .   y - +0 hunting sling
rCold    . . .     Gourm    .   r - +2 buckler
rNeg     . . .     Faith    .   a - +0 robe
rPois    .         Spirit   .   (no helmet)
rElec    .         Reflect  .   (no cloak)
rCorr    .         Harm     .   (no gloves)
MR       .....                  q - +0 pair of boots
Stlth    ++........             (no amulet)
HPRegen  0.15/turn              (no ring)
MPRegen  0.14/turn              (no ring)

@: no status effects
A: high mp 1
a: no special abilities


You were on level 5 of the Dungeon.
You were hungry.

You visited 1 branch of the dungeon, and saw 5 of its levels.

You collected 301 gold pieces.

Inventory:

Hand Weapons
 e - a +0 short sword
 y - a +0 hunting sling (weapon)
Missiles
 d - 19 sling bullets (quivered)
 f - 217 stones
 k - 44 bolts
 v - 5 tomahawks of returning
Armour
 a - a +0 robe (worn)
 q - a +0 pair of boots (worn)
 r - a +2 buckler (worn)
Jewellery
 z - a +2 ring of dexterity {unknown}
Wands
 x - a wand of disintegration (15)
 A - a wand of digging (12)
Scrolls
 h - 2 scrolls of fog {unknown}
 i - 2 scrolls of random uselessness {unknown}
 j - 3 scrolls of amnesia {unknown}
 n - 5 scrolls of identify {unknown}
 p - a scroll of enchant armour {unknown}
 t - a scroll of teleportation {unknown}
 u - 2 scrolls of remove curse {unknown}
 B - 2 scrolls of magic mapping {unknown}
Potions
 g - a potion of brilliance {unknown}
 l - 2 potions of curing {unknown}
 m - 3 potions of lignification {unknown}
 o - a potion of might {unknown}
 s - 2 potions of magic {unknown}
 w - a potion of haste {unknown}
Books
 b - a book of Flames

   Spells                             Type                      Level
   a - Flame Tongue                   Conjuration/Fire             1
   b - Throw Flame                    Conjuration/Fire             2
   c - Conjure Flame                  Conjuration/Fire             3
   d - Inner Flame                    Hexes/Fire                   3
   e - Sticky Flame                   Conjuration/Fire             4
   f - Fireball                       Conjuration/Fire             5
Comestibles
 c - 4 rations


   Skills:
 - Level 0.1 Fighting
 + Level 0.6 Slings
 + Level 2.1 Dodging
 + Level 2.4 Stealth
 + Level 0.2 Shields
 + Level 3.2 Spellcasting
 + Level 2.7 Conjurations
 + Level 4.1 Fire Magic


You had 8 spell levels left.
You knew the following spells:

 Your Spells              Type           Power        Failure   Level  Hunger
a - Flame Tongue          Conj/Fire      ###..        4%          1    None
b - Throw Flame           Conj/Fire      ###...       7%          2    ##.....


Dungeon Overview and Level Annotations

Branches:
Dungeon (5/15)
 Temple: D:4-7

Annotations:
D:3 GingerOwl's ghost, amateur GrFi
D:5 Vandergrift's ghost, novice DDFi


Innate Abilities, Weirdness & Mutations

You have an increased reservoir of magic. (+10% MP)


Message History

Press: ? - help, Shift-Dir - straight line, f/p - Vandergrift's ghost
Aim: Vandergrift's ghost, wielding a weapon of protection (lightly damaged)
The flame tongue hits Vandergrift's ghost.
Vandergrift's ghost appears unharmed.
Vandergrift's ghost is lightly damaged.
Vandergrift's ghost hits you!
* * * LOW HITPOINT WARNING * * *
Casting: Flame Tongue
Confirm with . or Enter, or press ? or * to list all spells.
Aiming: Flame Tongue
Press: ? - help, Shift-Dir - straight line, p - Vandergrift's ghost
Okay, then.
Vandergrift's ghost says, "I died to destroy people like you for fun."
Your magical contamination has completely faded away.
Vandergrift's ghost whispers, "There is no future for you."
You block Vandergrift's ghost's attack.
Vandergrift's ghost says, "Destruction is an occupation beyond life."
Vandergrift's ghost whispers, "There is no future for you."
Vandergrift's ghost hits you!
You die...

# # # ########## #
#........# # ####.######.#
# #.......###.##### ##
#...............##
.###.......###.##...#######
...........# #..@.>.......#
.###.......# ####W..#####.#
.# #.......# ##.## ..
........# #.# ..##########
#####.# #.# #.....# #.#
##.#####. #.# #........#
#.# #...####..


You could see Vandergrift's ghost.

Vanquished Creatures
  A phantom (D:4)
  2 hounds (D:4)
  An iguana (D:2)
  A worker ant (D:5)
  5 adders
  An adder skeleton (D:4)
  3 worms (D:3)
  A dart slug (D:1)
  3 orcs (D:3)
  A ball python (D:3)
  3 giant cockroaches
  7 goblins
  6 hobgoblins
  12 jackals
  7 kobolds
  2 quokkas
  3 bats
  5 frilled lizards
  6 rats
70 creatures vanquished.

Notes
Turn   | Place    | Note
-------+----------+-------------------------------------------
     0 | D:1      | Lothor the Demigod Fire Elementalist began the quest for the Orb.
     0 | D:1      | Reached XP level 1. HP: 14/14 MP: 5/5
   151 | D:1      | Reached skill level 3 in Fire Magic
   361 | D:1      | Reached XP level 2. HP: 20/20 MP: 4/7
   383 | D:1      | Reached skill level 1 in Conjurations
   588 | D:2      | Learned a level 2 spell: Throw Flame
   742 | D:2      | Found an iron altar of Okawaru.
   830 | D:2      | Reached XP level 3. HP: 26/26 MP: 4/8
   963 | D:2      | Found a radiant altar of Vehumet.
  1035 | D:2      | Found a stormy altar of Qazlal.
  1550 | D:2      | Found a shattered altar of Ashenzari.
  1568 | D:2      | Found a deep blue altar of Sif Muna.
  1792 | D:2      | Reached XP level 4. HP: 33/33 MP: 6/10
  2638 | D:3      | Found a burning altar of Makhleb.
  2931 | D:3      | Noticed GingerOwl's ghost (amateur GrFi)
  3496 | D:4      | Reached XP level 5. HP: 22/38 MP: 0/12
  3629 | D:4      | Found a glowing silver altar of Zin.
  3979 | D:4      | Noticed a phantom
  4015 | D:4      | Killed a phantom
  4216 | D:5      | Entered Level 5 of the Dungeon
  4226 | D:5      | Found a sacrificial altar of Ru.
  4274 | D:5      | Reached skill level 4 in Fire Magic
  4333 | D:5      | Found a white marble altar of Elyvilon.
  4382 | D:5      | Reached XP level 6. HP: 45/45 MP: 8/14
  4475 | D:5      | Noticed Vandergrift's ghost (novice DDFi)
  4532 | D:5      | Slain by Vandergrift's ghost

Skill      XL: |  1  2  3  4  5 |
---------------+----------------+-----
Fire Magic     | 3 4 |  4.1
Stealth        | 2 |  2.4
Conjurations   | 1 2 |  2.7
Spellcasting   | 2 3 |  3.2
Dodging        | 2 |  2.1
Fighting       | |  0.1
Slings         | |  0.6
Shields        | |  0.2

Action                   |  1- 3 |  4- 6 || total
-------------------------+-------+-------++-------
Melee: Short sword       |       |     5 ||     5
 Fire: Hunting sling     |       |    11 ||    11
 Cast: Flame Tongue      |    60 |    79 ||   139
       Throw Flame       |     9 |    29 ||    38
  Eat: Chunk             |     3 |     6 ||     9
       Ration            |       |     1 ||     1
Armor: Robe              |    11 |     8 ||    19
Dodge: Dodged            |    45 |    21 ||    66
Block: Buckler           |       |     9 ||     9
